 Dungeon Crawl Stone Soup version 0.26-b1-32-g5d43845318 (webtiles) character file.

Game seed: 1711050573438287239

3294 Borgoz the Skirmisher (level 10, -3/88 HPs)
             Began as a Ghoul Gladiator on Jan 13, 2021.
             Was a Believer of Okawaru.
             Slain by a wolf (6 damage)
             ... led by Grum
             ... on level 9 of the Dungeon.
             The game lasted 00:11:25 (8594 turns).

Borgoz the Skirmisher (Ghoul Gladiator)             Turns: 8594, Time: 00:11:26

Health: -3/88      AC:  6    Str: 20    XL:     10   Next: 1%
Magic:  11/11      EV: 15    Int:  3    God:    Okawaru [**....]
Gold:   470        SH:  0    Dex: 12    Spells: 9/9 levels left

rFire    + + .     SeeInvis .   p - +4 whip (elec)
rCold    + . .     Faith    +   (no shield)
rNeg     + + +     Spirit   .   l - +0 leather armour (curse)
rPois    ∞         Reflect  .   c - +0 helmet
rElec    .         Harm     .   (no cloak)
rCorr    .         Rampage  .   b - +0 pair of gloves
Will     .....                  (no boots)
Stlth    +.........             o - amulet of faith
HPRegen  0.00/turn              j - ring of protection from fire
MPRegen  0.12/turn              u - ring of protection from fire

@: no status effects
A: claws 1, cold resistance 1, negative energy resistance 3, inhibited
regeneration, torment resistance, unbreathing
a: Renounce Religion, Heroism


You were on level 9 of the Dungeon.
You worshipped Okawaru.
Okawaru was pleased with you.
You visited 2 branches of the dungeon, and saw 10 of its levels.
You also visited: Ossuary.

You collected 470 gold pieces.

Inventory:

Hand Weapons
 p - a +4 whip of electrocution (weapon)
Missiles
 d - 3 throwing nets (quivered)
Armour
 b - a +0 pair of gloves (worn)
 c - a +0 helmet (worn)
 l - a cursed +0 leather armour (worn)
Jewellery
 a - the ring "Unorel" {Ice Slay+2 Stlth+}
   (You found it on level 8 of the Dungeon)

   [ring of ice]

   It enhances your ice magic.
   It affects your accuracy and damage with ranged weapons and melee attacks
   (+2).
   It makes you vulnerable to fire.
   It protects you from cold.
   It makes you more stealthy.
 j - a ring of protection from fire (left hand)
 o - an amulet of faith (around neck)
 t - an uncursed ring of protection from cold
 u - a ring of protection from fire (right hand)
Wands
 w - a wand of acid (7)
Scrolls
 f - 4 scrolls of remove curse
 h - a scroll of enchant weapon
 k - 3 scrolls of teleportation
 m - 4 scrolls of blinking
 v - a scroll of enchant armour
 x - a scroll of fog
Potions
 e - 7 potions of curing
 g - 2 potions of heal wounds
 i - a potion of resistance
 n - 2 potions of cancellation
 q - 2 potions of might
 r - 4 potions of haste
 s - 2 potions of brilliance {unknown}
 z - a potion of flight {unknown}
 A - 6 potions of degeneration {unknown}
 B - 3 potions of invisibility {unknown}


   Skills:
 * Level 7.6 Fighting
 * Level 6.7 Maces & Flails
 - Level 1.7 Throwing
 * Level 6.0 Armour
 * Level 6.7 Dodging
 + Level 3.1 Invocations


You had 9 spell levels left.
You didn't know any spells.
Your spell library contained the following spells:

 Spells                   Type           Power        Failure   Level
 Animate Skeleton         Necr           0%           56%         1
 Pain                     Necr           0%           56%         1
 Vampiric Draining        Necr           0%           91%         3
 Animate Dead             Necr           0%           100%        4
 Agony                    Necr           0%           100%        5


Dungeon Overview and Level Annotations

Branches:
Dungeon (9/15)             Temple (1/1) D:6         Ossuary (visited)
   Lair: D:8-11         Orc: D:9-12

Altars:
Ashenzari
Cheibriados
Dithmenos
Elyvilon
Fedhas
Gozag
Hepliaklqana
Kikubaaqudgha
Makhleb
Nemelex Xobeh
Okawaru
Qazlal
Ru
Sif Muna
Trog
Uskayaw
Vehumet
Wu Jian
Xom
Yredelemnul
Zin
The Shining One

Shops:
D:5 }:!   D:7 *

Portals:
Abyss: D:7

Annotations:
D:7 2 transporters, FortyThree's ghost, novice VSFi
D:9 Grum


Innate Abilities, Weirdness & Mutations

You thrive by killing the living.
You are immune to poison.
You have sharp fingernails.
Your flesh is cold resistant. (rC+)
You are immune to negative energy. (rN+++)
You do not regenerate when monsters are visible.
You are immune to unholy pain and torment.
You can survive without breathing.


Message History

The wolf bites you! The wolf completely misses you.
You hit the wolf but do no damage. The wolf bites you but does no damage.
Grum misses you.
You barely miss the wolf. The wolf bites you! The wolf misses you.
Grum hits you but does no damage.
You hit the wolf. Lightning courses through the wolf!
The wolf is severely wounded.
The wolf closely misses you.
You closely miss the wolf.
The wolf is severely wounded.
Grum misses you. The wolf bites you!
* * * LOW HITPOINT WARNING * * *
You miss the wolf.
The wolf is severely wounded.
The wolf bites you but does no damage.
Grum hits you from afar with a +1 spear!!
* * * LOW HITPOINT WARNING * * *
The wolf bites you.
You die...

#......................##
##...............#....(#
##.............#......#
###...........#.....##
###........##.....#
###.....###.....#
####.###......# .# #..#
#......# ...## #@##
..(....# h....# ##h#
......##gg# .......#g##
.......†z#
....<....)..z...
............z...
........###.....
........# ##...


You could see Grum, a wolf, a wight and 2 gnolls.

Vanquished Creatures
  A two-headed ogre (D:8)
  Maggie (D:7)
  Prince Ribbit (D:7)
  An ice beast (D:7)
  2 ogres
  A necrophage (D:8)
  2 wolves (D:9)
  A black bear (D:8)
  2 centaurs
  A phantom (D:5)
  2 bullfrogs (D:6)
  A wyvern skeleton (D:3)
  A scorpion (D:4)
  A vampire bat (D:4)
  7 wights
  A quasit (D:6)
  A bullfrog zombie (D:5)
  A centaur zombie (Ossuary)
  A hound (D:4)
  A human zombie (Ossuary)
  3 orc wizards
  2 iguanas
  A worker ant (D:4)
  2 big kobold zombies (Ossuary)
  A hound zombie (D:9)
  A hound skeleton (D:4)
  4 mummies (Ossuary)
  A howler monkey skeleton (D:5)
  A worker ant zombie (D:5)
  8 adders
  5 gnolls
  A shadow imp (D:6)
  3 white imps
  An ufetubus (D:5)
  2 adder zombies (D:5)
  An ooze (D:4)
  7 worms
  5 dart slugs
  4 leopard geckos
  20 orcs
  14 bats
  2 giant cockroaches
  A gnoll zombie (Ossuary)
  6 goblins
  6 hobgoblins
  10 jackals
  12 kobolds
  3 quokkas
  4 frilled lizards (D:2)
  2 goblin zombies (Ossuary)
  A jackal skeleton (D:4)
  A jackal zombie (D:6)
  An orc zombie (Ossuary)
  A quokka skeleton (D:4)
  3 rats
170 creatures vanquished.

Notes
Turn   | Place    | Note
-------+----------+-------------------------------------------
     0 | D:1      | Borgoz the Ghoul Gladiator began the quest for the Orb.
     0 | D:1      | Reached XP level 1. HP: 17/17 MP: 0/0
   162 | D:1      | Reached XP level 2. HP: 23/25 MP: 1/1
   743 | D:2      | Reached XP level 3. HP: 22/30 MP: 2/2
   745 | D:2      | Reached skill level 1 in Armour
  1225 | D:2      | Reached skill level 3 in Fighting
  1225 | D:2      | Reached XP level 4. HP: 20/38 MP: 3/3
  1402 | D:3      | Reached XP level 5. HP: 13/45 MP: 4/4
  1689 | D:3      | Noticed a centaur
  1696 | D:3      | Killed a centaur
  1913 | D:3      | Reached XP level 6. HP: 52/52 MP: 5/5
  2374 | D:3      | Reached skill level 4 in Fighting
  2520 | D:4      | Reached XP level 7. HP: 43/60 MP: 6/6
  3450 | D:5      | Entered Level 5 of the Dungeon
  3469 | D:5      | Found Cugios's Book Emporium.
  3478 | D:5      | Found Ythrueh's Gadget Shoppe.
  3584 | D:5      | Found Ruroc's Distillery.
  3595 | D:5      | Reached skill level 5 in Fighting
  3796 | D:5      | Reached XP level 8. HP: 43/68 MP: 7/7
  4029 | D:5      | Found a shimmering blue altar of Sif Muna.
  4375 | D:5      | Reached skill level 5 in Dodging
  4553 | D:5      | Found a radiant altar of Vehumet.
  4597 | D:5      | Found an ancient bone altar of Kikubaaqudgha.
  4608 | D:5      | Found an ornate altar of the Wu Jian Council.
  4626 | D:5      | Found a snail-covered altar of Cheibriados.
  4873 | D:6      | Reached skill level 5 in Maces & Flails
  4901 | D:6      | Found a broken altar of Ashenzari.
  5268 | D:6      | Found a sand-covered staircase.
  5281 | Ossuary  | Entered an ossuary
  5646 | D:6      | Found a staircase to the Ecumenical Temple.
  5664 | Temple   | Entered the Ecumenical Temple
  5763 | Temple   | Became a worshipper of Warmaster Okawaru
  6367 | D:7      | Reached skill level 6 in Fighting
  6430 | D:7      | Noticed Maggie
  6454 | D:7      | Killed Maggie
  6454 | D:7      | Reached * piety under Okawaru
  6455 | D:7      | Reached skill level 1 in Invocations
  6455 | D:7      | Reached XP level 9. HP: 28/77 MP: 7/9
  6734 | D:7      | Found a one-way gate to the infinite horrors of the Abyss.
  6734 | D:7      | Noticed FortyThree's ghost (novice VSFi)
  6745 | D:7      | Found a transporter.
  6746 | D:7      | Noticed a red ugly thing
  6747 | D:7      | Found a transporter.
  6929 | D:7      | Found Neaxiph's Mass Market.
  7070 | D:7      | Noticed Prince Ribbit
  7473 | D:7      | Killed Prince Ribbit
  7474 | D:7      | Reached skill level 5 in Armour
  7690 | D:8      | Got a brightly glowing wooden ring
  7692 | D:8      | Identified the ring "Unorel" {Ice Slay+2 Stlth+} (You found
                  | it on level 8 of the Dungeon)
  7722 | D:8      | Noticed a two-headed ogre
  7732 | D:8      | Killed a two-headed ogre
  7732 | D:8      | Reached ** piety under Okawaru
  7733 | D:8      | Reached skill level 7 in Fighting
  8504 | D:9      | Found the +3 robe of Folly {Archmagi, Will-- Int+5}
  8575 | D:9      | Noticed Grum
  8586 | D:9      | Reached XP level 10. HP: 63/88 MP: 11/11
  8594 | D:9      | HP: 3/88 [Grum/+1 spear (20)]
  8594 | D:9      | Slain by a wolf

Illustrated notes

Levels and vault maps discovered:
D:1:      minmay_arrival_glassed_features, layout_loops_cross, st_stairs_6
D:2:      layout_basic
D:3:      wander_river, layout_basic, minivault_11
D:4:      layout_loops_ring, roderic_batcave, minmay_misc_feat_pillars,
          kennysheep_generic_room_2
D:5:      layout_layer_cave, kennysheep_mini_moat,
          nicolae_overflow_quartered_altars, serial_shops, shop, shop, shop
D:6:      layout_loops_corners, overflow_temple_1_default,
          minmay_temple_entry_junction, nicolae_ossuary_entry_ruins,
          chequers_jeans
D:7:      layout_loops_corners, gammafunk_ghost_abyssal_escape,
          minmay_shop_mass, uniq_maggie, uniq_prince_ribbit1
D:8:      layout_rooms
D:9:      layout_cave_pods, uniq_grum
Temple:   lightli_temple_of_artemis

Skill      XL: |  1  2  3  4  5  6  7  8  9 |
---------------+----------------------------+-----
Maces & Flails | 3 4 5 6 |  6.7
Dodging        | 3 4 5 6 |  6.7
Armour         | 1 2 3 4 6 |  6.0
Fighting       | 3 4 5 6 7 |  7.6
Invocations    | 1 3 |  3.1
Throwing       | |  1.7

Action                   |  1- 3 |  4- 6 |  7- 9 | 10-12 || total
-------------------------+-------+-------+-------+-------++-------
Melee: Flail             |    85 |       |       |       ||    85
       Whip              |    14 |   113 |   373 |     5 ||   505
Throw: Throwing net      |       |       |     1 |       ||     1
Evoke: Wand              |       |       |     2 |       ||     2
  Use: Scroll            |     1 |     6 |    14 |       ||    21
       Potion            |       |     1 |     4 |       ||     5
Armor: Leather armour    |    44 |    22 |    69 |     3 ||   138
Dodge: Dodged            |    73 |    74 |   237 |     5 ||   389
